Arrhythmia, chaotic female vampiric Convict ---- --- ---- |..| --.-- |..| ------------------- |..-- |...| ---..|-------................... --...| --..-- |...---...||....--------------... --....| |....---.|.||....|--..-|..-----|.)...(... |....-- |....|.*.|.||....---.--|...|..--.|........ -....--- ---.....-|.|---......-----.|..[..|-.. ..... .......| |.....||.| |........| |.....--- ..... -.|....-- |.....||.| --....|...-----.------ ..... |.....| ---..|..||.|--...----...| |........ ...... --%-..-- |....|---|.||....| --..| ------... .*.....- |....-| ---.|..| |.|-..--- ---- -------.. ..........-- --....-- |...|..| |.|....-- -----...---.. ..........(-- ----- |.....----.--|..| |......)---- --...................---....---- ---.<.| --.........| |..| |...|...)..| |.................... --.._...| |.....| |........-- |..| |..---.....| --....--........---.- ---.@.)-- |.....| |........| |..| |..| --....-- --....---.....| ----.....| |..-- |..-- |.)...| |........>...| --..--- |...| |...| ---..-- |.......|.---- ---- --.-- ---.| ---- ------.---- --- --- Arrhythmia the Jail-bird Experience level: 6 Strength: 14 Dexterity: 11 Constitution: 16 Intelligence: 14 Wisdom: 11 Charisma: 8 Health: 55(55) Energy: 38(38) AC: 8 Gold: 242 Moves: 1767 Your Inventory: Coins $ - 242 gold pieces Weapons j - an [uncursed +0] crude dagger [of searching (orcish)] Armor b - a cursed +0 striped shirt (being worn) i - an [uncursed] +0 hooded cloak [dwarvish] k - an [uncursed] +0 pair of hard shoes [iron] (being worn) l - a cursed +0 mummy wrapping [of searching and aggravation] (being worn) Scrolls e - an [uncursed] scroll labeled PHOL ENDE WODAN [of stinking cloud] f - an [uncursed] scroll labeled KERNOD WEL [of identify] Tools d - an [uncursed] looking glass [mirror] Iron balls c - an [uncursed] heavy iron ball (chained to you) (weapon in hand) Spells known in the end: Name Level Category Fail Memory Your skills at the end: Fighting Skills Weapon Skills sling [Basic / Skilled] Spellcasting Skills Final Attributes: You were devoutly aligned. Hunger level was 866. Your alignment was 17 / 18. Monster difficulty range was 0 - 4. Level difficulty was 3. You were immune to level-drain. You were immune to sickness. You were punished. You had automatic searching. You aggravated monsters. You could fly. You could survive without air. You regenerated. Your luck was zero. You survived. Vanquished creatures: an enormous rat a shrieker 2 gnome lords a kobold mummy 3 dwarves 3 dwarf zombies a hobbit 13 gnomes a gecko 2 jackals 2 foxes 2 goblins a sewer rat a bat 3 lichens a kobold zombie 7 newts 45 creatures vanquished. Voluntary challenges: You went without food. You were illiterate. You never hit with a wielded weapon. You put on armor 5 times. You never genocided any monsters. You never polymorphed an object. You never changed form. You used no wishes. You abstained from Elbereth's help. You never encountered a bones level. You never used any Sokoban shortcuts. Dungeon overview: The Dungeons of Doom: levels 1 to 2 Level 1 a fountain a long staircase Level 2 a general store stairs to The Gnomish Mines The Gnomish Mines: Level 3 <- You were here stairs to The Dungeons of Doom History has recorded: On T:1 you entered the Dungeons of Doom to retrieve the Amulet of Yendor! On T:630 you advanced to experience level 2. On T:741 you reached level 2 of The Dungeons of Doom. On T:942 you advanced to experience level 3. On T:1086 you reached level 1 of The Gnomish Mines. On T:1109 you advanced to experience level 4. On T:1123 you advanced to experience level 5. On T:1364 you advanced to experience level 6. Latest messages: You bite the gnome lord. The gnome lord thrusts his dagger. The gnome lord hits! [HP-5=49] You kill the gnome lord! [HP+1=50] There are several objects here. [HP+1=51] [HP+1=52] [HP+1=53] [HP+1=54] Hit points restored. [HP+1=55] You see here 11 rocks. There are several objects here. l - a magical mummy wrapping. You take off a +0 hooded cloak. Oops; that feels deathly cold. You wear a cursed +0 magical mummy wrapping. Final status: Goodbye Arrhythmia the Convict... You quit in The Gnomish Mines on dungeon level 3 with 1488 points, and 242 pieces of gold, after 1767 moves. You were level 6 with a maximum of 55 hit points when you quit.